 Seeded DCSS version 0.29.0-13-gc9e81de378 (webtiles) character file.

Game seed: 9997410970728886651 (custom seed)

78563 nickcage the Phalangite (level 15, -3/117 HPs)
             Began as a Merfolk Gladiator on Sept 8, 2022.
             Was a High Priest of Hepliaklqana.
             Killed by divine providence
             ... invoked by a meliai
              (15 damage)
             ... on level 14 of the Dungeon.
             The game lasted 01:09:35 (19050 turns).

nickcage the Phalangite (Merfolk Gladiator)        Turns: 19050, Time: 01:09:36

Health: -3/117     AC: 22    Str: 27    XL:     15   Next: 60%
Magic:  20/20      EV: 11    Int:  9    God:    Hepliaklqana [*****.]
Gold:   1095       SH:  0    Dex: 15    Spells: 14/14 levels left

rFire   + + +      SeeInvis .   w - +9 glaive of Aclucef {vorpal, rPois rF+}
rCold   . . .      Faith    .   (shield currently unavailable)
rNeg    . . .      Spirit   .   i - +3 plate armour {rF+}
rPois   +          Reflect  .   c - +0 helmet
rElec   .          Harm     .   W - +0 cloak
rCorr   .          Rampage  .   F - +1 pair of gloves
Will    +....                   (no boots)
Stlth   ..........              Q - amulet of regeneration
HPRegen 1.09/turn               o - +6 ring of strength
MPRegen 0.17/turn               r - ring of protection from fire

@: lethally poisoned (-3 -> -3)
A: reduced essence, (nimble swimmer 2), mertail
a: Renounce Religion, Recall Ancestor, Ancestor Identity, Transference, Idealise


You were on level 14 of the Dungeon.
You worshipped Hepliaklqana.
Hepliaklqana was extremely pleased with you.
You visited 3 branches of the dungeon, and saw 20 of its levels.

You collected 1221 gold pieces.
You spent 126 gold pieces at shops.

Inventory:

Hand Weapons
 n - a +0 glaive
 w - the +9 glaive of Aclucef (weapon) {vorpal, rPois rF+}
   (You found it on level 2 of the Dungeon)

   It inflicts extra damage upon your enemies.
   rF:        It protects you from fire.
   rPois:     It protects you from poison.
 y - a +6 trident of freezing
 B - a +0 vampiric halberd
 M - a +3 dire flail
Missiles
 d - 3 throwing nets
 D - 47 poisoned darts (quivered)
Armour
 c - a +0 helmet (worn)
 i - a +3 plate armour of fire resistance (worn)
 F - a +1 pair of gloves (worn)
 P - a +1 crystal plate armour
 W - a +0 cloak (worn)
Jewellery
 g - a ring of protection from fire
 o - a +6 ring of strength (left hand)
 r - a ring of protection from fire (right hand)
 s - a ring of ice
 C - a ring of flight
 L - a +6 ring of strength
 Q - an amulet of regeneration (around neck)
 S - a ring of willpower
 X - the ring of the Spinneret {rC+ Str+4 Int+3 Slay+6}
   (You found it on level 13 of the Dungeon)

   [ring of protection from cold]

   Str:       It affects your strength (+4).
   Int:       It affects your intelligence (+3).
   Slay:      It affects your accuracy & damage with ranged weapons and melee
   (+6).
   rC:        It protects you from cold.
Wands
 a - a wand of digging (15)
 k - a wand of acid (7)
 q - a wand of mindburst (8)
 u - a wand of flame (67)
Scrolls
 b - 3 scrolls of identify
 m - 2 scrolls of magic mapping
 p - 6 scrolls of teleportation
 E - 6 scrolls of amnesia
 K - a scroll of enchant armour
 O - 3 scrolls of poison
 R - 4 scrolls of fog
 T - a scroll of summoning
 V - a scroll of brand weapon
 Y - a scroll of fear
Potions
 e - a potion of magic
 f - a potion of experience {unknown}
 h - 8 potions of mutation
 j - 3 potions of lignification
 l - 9 potions of heal wounds
 t - 5 potions of berserk rage
 v - 6 potions of invisibility
 x - 2 potions of haste
 z - 7 potions of curing
 A - 3 potions of flight
 G - 2 potions of resistance {unknown}
 H - 2 potions of degeneration {unknown}
 I - 8 potions of ambrosia
 J - 3 potions of cancellation {unknown}
 N - 3 potions of might
 U - 3 potions of attraction {unknown}


   Skills:
 + Level 15.7 Fighting
 - Level 2.0 Maces & Flails
 + Level 21.8 Polearms
 - Level 2.0 Throwing
 - Level 10.0 Armour
 * Level 9.0 Dodging
 - Level 1.0 Shields
 * Level 7.7 Invocations
 - Level 1.0 Evocations


You had 14 spell levels left.
You didn't know any spells.
Your spell library contained the following spells:

 Spells                   Type           Power      Damage    Failure   Level
 Sting                    Tmut/Pois      0%         1d3       98%         1
 Poisonous Vapours        Pois/Air       0%         N/A       99%         2
 Confusing Touch          Hex            0%         N/A       100%        3
 Tukima's Dance           Hex            0%         N/A       100%        3
 Olgreb's Toxic Radiance  Pois           0%         N/A       100%        4
 Passage of Golubria      Tloc           0%         N/A       100%        4
 Silence                  Hex/Air        0%         N/A       100%        5
 Summon Forest            Summ/Tloc      0%         N/A       100%        5
 Summon Mana Viper        Hex/Summ       0%         N/A       100%        5
 Yara's Violent Unravell  Hex/Tmut       0%         3d3       100%        5
 Summon Cactus Giant      Summ           0%         N/A       100%        6
 Enfeeble                 Hex            0%         N/A       100%        7
 Lehudib's Crystal Spear  Conj/Erth      0%         10d2      100%        8


Dungeon Overview and Level Annotations

Branches:
Dungeon (14/15)            Temple (1/1) D:4            Lair (5/5) D:8
 Shoals (0/4) Lair:3        Snake (0/4) Lair:3        Slime (0/5) Lair:4
    Orc (0/2) D:12
 Vaults: D:13-14

Altars:
Ashenzari
Cheibriados
Dithmenos
Elyvilon
Fedhas
Gozag
Hepliaklqana
Kikubaaqudgha
Makhleb
Nemelex Xobeh
Okawaru
Qazlal
Ru
Sif Muna
Trog
Uskayaw
Vehumet
Wu Jian
Xom
Yredelemnul
Zin
The Shining One

Shops:
D:7 [   D:11 =


Innate Abilities, Weirdness & Mutations

Your life essence is reduced to manifest your ancestor. (-10% HP)
((You are very nimble when in or above water. (Stealth+, EV+, Speed+++)))
Your lower body shifts to a powerful aquatic tail in water.


Message History

You slice the deep elf pyromancer!!
The deep elf pyromancer is severely wounded.
The deep elf pyromancer hits you but does no damage.
A meliai comes into view.
It is wielding a +0 hand axe and wearing a +2 robe of positive energy.
The meliai buzzes angrily.
You slash the deep elf pyromancer!
You kill the deep elf pyromancer!
You hear a shout! x2
The orc knight hits you with a +0 battleaxe!
You slice the orc knight!!
The orc knight is heavily wounded.
You slash the orc knight!
The orc knight is severely wounded.
A skeletal warrior comes into view.
It is wielding a +2 halberd of freezing.
The orc knight hits you with a +0 battleaxe!
A human comes into view.
The meliai barely misses you. The meliai stings you.
You are poisoned.
The meliai poisons you!
You slice the orc knight!!
You kill the orc knight!
You feel very sick. The meliai hits you with a +0 hand axe!
* * * LOW HITPOINT WARNING * * *
The meliai stings you but does no damage.
Blink to where?
Press: ? - help, Dir - move target
As you read the scroll of blinking, it crumbles to dust.
You feel very sick.
You feel very sick.
The meliai invokes the aid of its god against you.
Something smites you!
* * * LOW HITPOINT WARNING * * *
You feel sick.
There is an open door here.
You feel sick.
You feel sick.
The meliai calls down the wrath of its god upon you.
Something smites you!
You die...

#......(.....#.........#
#............#...p.....#
............y#.........#
.#.....##....#.........#
#..... #..y.#.........~~
#.....##....#.........PP
#...........'.........~~
#...........#....^....PP
#......#######@........PP
#......#................~
.. #......####.####..
########......# .#
#.............# .#
#.............#
#.............#
#.............#
#..[..........#


You could see a human and a meliai.

Vanquished Creatures
  A fire dragon (D:10)
  2 hydras
  Fannar (Lair:3)
  4 boulder beetles
  A merfolk avatar (Lair:5)
  5 two-headed ogres
  4 centaur warriors
  15 death yaks
  Urug (D:14)
  7 skeletal warriors
  2 sea snakes (Lair:5)
  2 deep elf pyromancers
  2 lindwurms (D:13)
  An orc knight (D:14)
  An oklob plant (Lair:5)
  4 manticores
  A cyclops (D:14)
  A wolf spider (Lair:1)
  9 elephants
  5 black mambas
  A torpor snail (Lair:5)
  11 cane toads
  5 rime drakes
  5 komodo dragons
  2 polar bears
  3 meliai (D:12)
  4 slime creatures (D:12)
  6 trolls
  A wind drake (Lair:5)
  4 hornets
  8 dream sheep
  7 blink frogs
  2 snapping turtles (Lair:5)
  2 jumping spiders (D:13)
  3 shadows
  4 wyverns
  A wraith (D:11)
  6 humans (D:14)
  49 yaks
  10 vampire mosquitoes (D:12)
  2 basilisks
  A steam dragon (D:4)
  A redback (D:13)
  9 water moccasins
  3 nagas (Lair:3)
  4 acid dragons
  3 sky beasts
  2 black bears
  9 orc warriors
  2 ice beasts
  An ogre (D:5)
  11 wolves
  13 centaurs
  Blork the orc (D:5)
  3 kobold brigands
  8 bullfrogs
  2 necrophages
  8 scorpions
  6 wights
  A troll zombie (D:12)
  25 killer bees
  10 howler monkeys
  4 lava snakes
  5 hounds
  11 jellies (Lair:4)
  13 orc priests
  A gnoll bouda (D:5)
  3 iguanas
  7 orc wizards
  5 ogre zombies (D:12)
  7 gnolls
  11 adders
  An ufetubus (D:6)
  3 dart slugs
  A worm (D:2)
  60 orcs
  14 endoplasms
  6 goblins
  10 hobgoblins
  2 jackals (D:2)
  4 quokkas
  7 ball pythons
  7 bats
  4 frilled lizards (D:1)
  3 goblin skeletons (D:12)
  2 goblin zombies (D:12)
  2 hobgoblin zombies (D:12)
  13 kobolds
  3 orc skeletons (D:12)
  10 orc zombies (D:12)
  9 rats
556 creatures vanquished.

Vanquished Creatures (collateral kills)
  A boulder beetle (D:13)
  4 hydras
  2 death yaks
  A lindwurm (D:13)
  A deep elf pyromancer (D:13)
  An ugly thing (D:13)
  An elephant (Lair:5)
  A manticore (Lair:5)
  A black mamba (Lair:4)
  A gargoyle (D:13)
  A cane toad (Lair:2)
  A polar bear (Lair:2)
  A queen bee (D:12)
  A blink frog (Lair:4)
  A dream sheep (Lair:5)
  A jumping spider (D:13)
  6 yaks
  A basilisk (Lair:1)
  A redback (D:13)
  3 vampire mosquitoes
  A steam dragon (Lair:5)
  A water moccasin (Lair:1)
  3 wolves
  A centaur (D:13)
  A bullfrog (Lair:2)
  A troll zombie (D:12)
  A killer bee (D:12)
  2 lava snakes (D:13)
  3 jellies (Lair:4)
  2 hobgoblin zombies (D:12)
  3 kobolds (D:11)
  2 orc zombies (D:12)
52 creatures vanquished.

Vanquished Creatures (others)
  5 knights
  3 ancestors
  24 fungi
  107 plants
139 creatures vanquished.

Grand Total: 747 creatures vanquished

Notes
Turn   | Place    | Note
-------+----------+-------------------------------------------
     0 | D:1      | nickcage the Merfolk Gladiator began the quest for the Orb.
     0 | D:1      | Reached XP level 1. HP: 16/16 MP: 1/1
    10 | D:1      | Noticed a snapping turtle
    10 | D:1      | Noticed a six-headed hydra
    10 | D:1      | Noticed a lindwurm
    11 | D:1      | Noticed an anaconda
    11 | D:1      | Noticed a polar bear
   191 | D:1      | Reached XP level 2. HP: 22/22 MP: 2/2
   268 | D:1      | Reached skill level 5 in Polearms
   633 | D:1      | Reached XP level 3. HP: 24/27 MP: 3/3
   805 | D:1      | Found a faded altar of an unknown god.
  1376 | D:2      | Identified the +0 leather armour of Divine Intervention
                  | {rElec rCorr}
  1386 | D:2      | Reached skill level 6 in Polearms
  1490 | D:2      | Found a blossoming altar of Fedhas.
  1556 | D:2      | Reached XP level 4. HP: 33/33 MP: 4/4
  1602 | D:2      | Identified the +9 glaive of Aclucef {vorpal, rPois rF+}
  1768 | D:3      | Found a shadowy altar of Dithmenos.
  1906 | D:3      | Reached skill level 7 in Polearms
  1909 | D:3      | Reached XP level 5. HP: 17/38 MP: 5/5
  2717 | D:4      | Found a staircase to the Ecumenical Temple.
  2732 | D:4      | Noticed a steam dragon
  2741 | D:4      | Killed a steam dragon
  2742 | D:4      | Reached skill level 9 in Polearms
  2742 | D:4      | Reached XP level 6. HP: 34/44 MP: 6/6
  2748 | Temple   | Entered the Ecumenical Temple
  4106 | D:5      | Entered Level 5 of the Dungeon
  4109 | D:5      | Reached skill level 10 in Polearms
  4109 | D:5      | Reached XP level 7. HP: 50/50 MP: 7/7
  4454 | D:5      | Reached skill level 11 in Polearms
  4574 | D:5      | Noticed Blork the orc
  4577 | D:5      | Reached skill level 12 in Polearms
  4577 | D:5      | Reached XP level 8. HP: 56/56 MP: 8/8
  4586 | D:5      | Killed Blork the orc
  4853 | D:5      | Reached skill level 13 in Polearms
  5158 | D:5      | Reached skill level 14 in Polearms
  5508 | D:6      | Reached XP level 9. HP: 61/61 MP: 9/9
  5521 | D:6      | Reached skill level 15 in Polearms
  5787 | D:6      | Found a hide-covered altar of Uskayaw.
  5841 | D:6      | Reached skill level 1 in Shields
  5841 | D:6      | Reached skill level 1 in Evocations
  5924 | D:7      | Reached skill level 16 in Polearms
  6318 | D:7      | Noticed a hornet
  6333 | D:7      | Killed a hornet
  6573 | D:7      | Found Kiunafo's Armour Emporium.
  6580 | D:7      | Bought a +1 pair of gloves for 126 gold pieces
  7194 | D:8      | Reached skill level 17 in Polearms
  7198 | D:8      | Reached XP level 10. HP: 69/72 MP: 10/10
  7911 | D:8      | Reached skill level 5 in Fighting
  8131 | D:8      | Found a staircase to the Lair.
  8297 | D:9      | Noticed a two-headed ogre
  8312 | D:9      | Killed a two-headed ogre
  8313 | D:9      | Reached skill level 18 in Polearms
  8748 | D:9      | Noticed a two-headed ogre
  8756 | D:9      | Killed a two-headed ogre
  8757 | D:9      | Reached skill level 19 in Polearms
  9015 | D:9      | Found a hazy altar of Hepliaklqana.
  9025 | D:9      | Became a worshipper of Hepliaklqana the Forgotten
  9081 | D:10     | Entered Level 10 of the Dungeon
  9091 | D:10     | Reached XP level 11. HP: 83/83 MP: 11/11
  9138 | D:10     | Noticed a two-headed ogre
  9141 | D:10     | Killed a two-headed ogre
  9204 | D:10     | Noticed a fire dragon
  9217 | D:10     | Killed a fire dragon
  9223 | D:10     | Reached skill level 20 in Polearms
  9279 | D:10     | Noticed a centaur warrior
  9574 | D:10     | Killed a centaur warrior
  9575 | D:10     | Reached skill level 1 in Armour
  9621 | D:10     | Found a shimmering blue altar of Sif Muna.
  9621 | D:10     | Found a sacrificial altar of Ru.
  9629 | D:10     | Found a burning altar of Makhleb.
  9631 | D:10     | Found a shimmering altar of Xom.
  9633 | D:10     | Found a white marble altar of Elyvilon.
 10271 | D:11     | Noticed a manticore
 10277 | D:11     | Killed a manticore
 10372 | D:11     | Reached * piety under Hepliaklqana
 10506 | D:11     | Found Qanameto's One-of-a-Kind Rings.
 10707 | D:11     | Noticed a two-headed ogre
 10715 | D:11     | Killed a two-headed ogre
 10716 | D:11     | Reached XP level 12. HP: 86/86 MP: 12/12
 10911 | D:11     | Found a glowing silver altar of Zin.
 10911 | D:11     | Noticed an angel
 11146 | D:12     | Reached skill level 5 in Armour
 11220 | D:12     | Found a staircase to the Orcish Mines.
 11232 | D:12     | Noticed a seven-headed hydra
 11429 | Lair:1   | Entered Level 1 of the Lair of Beasts
 11479 | Lair:1   | Reached ** piety under Hepliaklqana
 11492 | Lair:1   | Remembered your ancestor Tanky as a knight
 11509 | Lair:1   | Noticed a death yak
 11509 | Lair:1   | Noticed a death yak
 11517 | Lair:1   | Killed a death yak
 11518 | Lair:1   | Reached skill level 10 in Fighting
 11523 | Lair:1   | Killed a death yak
 11548 | Lair:1   | Noticed a death yak
 11550 | Lair:1   | Noticed a death yak
 11556 | Lair:1   | Noticed a death yak
 11566 | Lair:1   | Killed a death yak
 11569 | Lair:1   | Noticed a death yak
 11571 | Lair:1   | Killed a death yak
 11575 | Lair:1   | Killed a death yak
 11584 | Lair:1   | Killed a death yak
 12555 | Lair:2   | Reached *** piety under Hepliaklqana
 12646 | Lair:2   | Reached skill level 1 in Invocations
 12649 | Lair:2   | Reached XP level 13. HP: 89/95 MP: 13/13
 12659 | Lair:2   | Reached skill level 1 in Maces & Flails
 13557 | Lair:3   | Reached **** piety under Hepliaklqana
 13640 | Lair:3   | Found a staircase to the Shoals.
 13738 | Lair:3   | Found a staircase to the Snake Pit.
 13917 | Lair:3   | Noticed Fannar
 13924 | Lair:3   | Killed Fannar
 14438 | Lair:4   | Found a staircase to the Slime Pits.
 14520 | Lair:4   | Reached ***** piety under Hepliaklqana
 14910 | Lair:5   | Entered Level 5 of the Lair of Beasts
 15118 | Lair:5   | Reached XP level 14. HP: 106/106 MP: 17/17
 15463 | Lair:5   | Reached skill level 5 in Dodging
 15578 | Lair:5   | Reached skill level 10 in Armour
 15602 | Lair:5   | Identified the +1 rapier of Uhoif {vamp, rPois}
 15622 | Lair:5   | Reached skill level 5 in Invocations
 17411 | D:12     | Reached skill level 21 in Polearms
 17411 | D:12     | Reached XP level 15. HP: 105/114 MP: 18/20
 17967 | D:12     | Reached skill level 15 in Fighting
 18226 | D:13     | Found a runed translucent door.
 18258 | D:13     | Found a runed translucent gate.
 18259 | D:13     | Identified the +6 whip "Onukkos" {vorpal, Str+5 SInv}
 18264 | D:13     | Found a runed translucent gate.
 18265 | D:13     | Found a runed translucent gate.
 18265 | D:13     | Found a runed translucent gate.
 18265 | D:13     | Found a runed translucent gate.
 18266 | D:13     | Found a runed translucent gate.
 18414 | D:13     | Identified the ring of the Spinneret {rC+ Str+4 Int+3
                  | Slay+6}
 18999 | D:14     | Noticed Urug
 19013 | D:14     | Killed Urug
 19050 | D:14     | Killed from afar by a meliai

Illustrated notes

Levels and vault maps discovered:
D:1:      onia_arrival_zoo_common, layout_basic, basic_ecumenical_altar,
          minmay_bisected
D:2:      layout_rooms, basic_altar
D:3:      layout_basic, nicolae_dithmenos_the_darkroom
D:4:      layout_gridville, minmay_temple_entry_overgrown, st_stairs_5
D:5:      layout_loops_ring, st_stairs_11, sword_in_stone
D:6:      layout_basic, nicolae_uskayaw_dance_hall
D:7:      layout_loops_ring, serial_shops, kennysheep_little_box
D:8:      layout_loops_corners, grunt_lair_entry_orc_guard_hut,
          serial_park_tiny_1, chequers_serial_rivers_small_3,
          nicolae_straight_to_the_point
D:9:      layout_roguey, mainiacjoe_overflow_cross_hatched
D:10:     layout_cave_pods, chequers_temple_overflow_minitemple, minmay_bent
D:11:     layout_gridville, nicolae_shop_unique_rings, zin_angel
D:12:     layout_cave_pods, zombieorc2_lemuel, special_room [special_room_bee],
          wad_floor_pattern_2
D:13:     gammafunk_indiana_jones, layout_basic
D:14:     minmay_the_grid_octo_2x2 [minmay_the_grid_octo_concentric,
          minmay_the_grid_octo_teeth, minmay_the_grid_octo_shrine,
          minmay_the_grid_octo_prize_square_snowflake], layout_gridville,
          david_vaults_3, serial_bayou_lagoon_a, serial_shops, shop,
          worldfamousw_hep_ancestral_shrine
Temple:   eino_temple_water
Lair:1:   layout_chaotic_city, nicolae_lair_run_with_the_wolves,
          grunt_megastairs_2
Lair:2:   layout_layer_cave, grunt_megastairs_3, lemuel_fruit_tree
Lair:3:   layout_gridlike, minmay_shoals_entry_centaurs,
          guppyfry_snake_entry_island, uniq_fannar
Lair:4:   layout_roguey, minmay_slime_entry_jelly_boxes, grunt_megastairs_1
Lair:5:   gammafunk_lair_ancient_temple, layout_gridlike

Skill      XL: |  1  2  3  4  5  6  7  8  9 10 11 12 13 14 15 |
---------------+----------------------------------------------+-----
Polearms       | 5 6 7 9 10 12 14 17 19 20 21 | 21.8
Shields        | 1 |  1.0
Evocations     | 1 |  1.0
Fighting       | 4 6 9 11 13 14 15 | 15.7
Armour         | 4 7 9 10 | 10.0
Invocations    | 1 4 6 7 |  7.7
Maces & Flails | 2 |  2.0
Dodging        | 7 9 |  9.0
Throwing       | |  2.0

Action                   |  1- 3 |  4- 6 |  7- 9 | 10-12 | 13-15 || total
-------------------------+-------+-------+-------+-------+-------++-------
Melee: Trident           |   100 |    14 |       |       |     8 ||   122
       Punch             |     1 |       |       |       |       ||     1
       Glaive            |       |    77 |   215 |   376 |   658 ||  1326
       Dire flail        |       |       |       |       |    20 ||    20
       Tailslap          |       |       |       |       |     3 ||     3
Throw: Javelin           |       |     2 |     2 |       |       ||     4
       Dart              |       |       |     6 |    32 |    44 ||    82
Invok: Ancestor Identity |       |       |       |     1 |       ||     1
       Recall Ancestor   |       |       |       |     2 |     7 ||     9
       Ancestor Life: Kn |       |       |       |     1 |       ||     1
       Transference      |       |       |       |       |     2 ||     2
       Idealise          |       |       |       |       |     1 ||     1
Evoke: Wand              |       |       |       |       |     8 ||     8
  Use: Scroll            |       |    11 |     5 |     3 |    10 ||    29
       Potion            |       |       |       |     1 |     1 ||     2
 Stab: Sleeping          |     1 |       |       |       |       ||     1
       Distracted        |       |       |       |     2 |     5 ||     7
Armor: Leather armour    |     5 |       |       |       |       ||     5
       Ring mail         |     8 |       |       |       |       ||     8
       Chain mail        |     7 |    20 |    52 |     8 |       ||    87
       Plate armour      |       |       |       |     7 |    39 ||    46
       Crystal plate arm |       |       |       |   119 |   231 ||   350
Dodge: Dodged            |    51 |    34 |    75 |    68 |   125 ||   353
